 Dungeon Crawl Stone Soup version 0.15-a0-963-gb693d2a (webtiles) character file.

5 Bloax the Cutter (level 1, 0/11 HPs)
             Began as a Vine Stalker Gladiator on May 22, 2014.
             Slain by a hobgoblin
             ... wielding a +0,+0 club
              (5 damage)
             ... on Level 2 of the Dungeon.
             The game lasted 00:01:04 (316 turns).

Bloax the Cutter (Vine Stalker Gladiator)            Turns: 316, Time: 00:01:04

HP   0/11        AC  3     Str 17      XL: 1   Next: 80%
MP   0/1         EV 13     Int  8      God:
Gold 49          SH  0     Dex 14      Spells:  0 memorised,  0 levels left

rFire  . . .     SeeInvis .     j - -3,-2 short sword (curse)
rCold  . . .     Clarity  .     k - +0 robe (curse)
rNeg   . . .     Conserve .     (no shield)
rPois  .         rCorr    .     c - +0 helmet
rElec  .         rRot     +     (no cloak)
SustAb .         Spirit   +     (no gloves)
rMut   .         Warding  .     (no boots)
Gourm  .         Stasis   .     (no amulet)
MR     .....                    (no ring)
                                e - ring of flight

@: not resistant to hostile enchantments, very unstealthy
A: fangs 2, regeneration 1, magic shield, antimagic bite, no device heal 2
a: Evoke Flight


You were on level 2 of the Dungeon.
You were not hungry.

You visited 1 branch of the dungeon, and saw 2 of its levels.

You collected 49 gold pieces.


Innate Abilities, Weirdness & Mutations

You are immune to rotting.
You have extremely sharp teeth.
Your natural rate of healing is unusually fast.
When hurt, damage is shared between your health and your magic reserves.
Your bite disrupts and absorbs the magic of your enemies.
Potions and wands cannot restore your health.


   Skills:
 - Level 1.7 Fighting
 + Level 3.0 Short Blades
 - Level 1.7 Throwing
 - Level 2.4 Dodging
 + Level 0.4 Spellcasting


You couldn't memorise any spells.
You didn't know any spells.

Dungeon Overview and Level Annotations

Branches:
Dungeon (2/15)

Altars:

Inventory:

Hand weapons
 a - a +0,+0 cutlass
 i - a +0,+0 short sword
   (You found it on level 1 of the Dungeon)
 j - a cursed -3,-2 short sword (weapon)
   (You found it on level 1 of the Dungeon)
Missiles
 d - 3 throwing nets (quivered)
Armour
 b - a +0 leather armour
 c - a +0 helmet (worn)
 k - a cursed +0 robe (worn)
   (You found it on level 1 of the Dungeon)
Comestibles
 f - a bread ration
Jewellery
 e - a ring of flight (left hand)
   (You found it on level 1 of the Dungeon)
Potions
 g - a potion of curing {unknown}
 h - a potion of confusion {unknown}
 l - a potion of poison {unknown}

##..##..######...
#.)............#
#..##..........##.
# ##..#......... #
#.##.###...PP #.
#.##.# .## #.#
##.##.#
#..####.(##.#
#g@....###<#
#...............#
#################


You could see a hobgoblin.


Message History

Found 12 gold pieces.
You now have 49 gold pieces (gained 12).
A giant newt comes into view.
Found a glowing robe.
Found 14 stones.
Found 29 bolts.
You see here a glowing robe.
k - a glowing robe The giant newt closely misses you.
You hit the giant newt but do no damage.
The giant newt closely misses you.
You hit the giant newt but do no damage.
The giant newt bites you but does no damage.
You hit the giant newt.
You kill the giant newt!
Wear which item? (? for menu, Esc to quit)
You finish taking off your +0 leather armour.
You finish putting on your cursed +0 robe.
Oops, that feels deathly cold.
You see here 14 stones.
A kobold comes into view.
The kobold shouts!
The kobold throws a dart.
The dart closely misses you.
You see here a dart.
You hit the kobold.
You kill the kobold!
You see here a dart.
There is a stone staircase leading down here.
You climb downwards.
There is a stone staircase leading up here.
Unknown command.
A giant cockroach comes into view.
Found a sling.
Found a leather armour.
Found a slimy inky potion.
You hit the giant cockroach.
The giant cockroach is heavily wounded.
The giant cockroach bites you but does no damage.
You closely miss the giant cockroach.
You bite the giant cockroach, but do no damage.
The giant cockroach is heavily wounded.
The giant cockroach bites you but does no damage.
You hit the giant cockroach. You bite the giant cockroach. You drain its power.
The giant cockroach is almost dead.
The giant cockroach closely misses you.
The giant cockroach bites you but does no damage.
You hit the giant cockroach.
You kill the giant cockroach!
Your Short Blades skill increases to level 3!
l - a slimy inky potion You see here 26 stones.
A hobgoblin comes into view. It is wielding a club.
The hobgoblin shouts!
You hit the hobgoblin.
The hobgoblin is lightly wounded.
The hobgoblin hits you with a club!
Ouch! That really hurt!
* * * LOW HITPOINT WARNING * * *
You barely miss the hobgoblin.
You bite the hobgoblin, but do no damage.
The hobgoblin is lightly wounded.
The hobgoblin barely misses you.
You barely miss the hobgoblin.
You bite the hobgoblin, but do no damage.
The hobgoblin is lightly wounded.
The hobgoblin barely misses you.
You hit the hobgoblin.
The hobgoblin is moderately wounded.
The hobgoblin hits you with a club.
You die...

Action                   || total
-------------------------++-------
Melee: Short sword       ||    12
       Cutlass           ||     6

Vault maps used:
D:1:      dpeg_arrival_arbitrary_c, grunt_decor_one_mirror
D:2:      wad_river_or_something, serial_forest, infiniplex_forest_lined_corner,
          infiniplex_forest_zigzag_1, infiniplex_forest_clump_double,
          infiniplex_forest_lined_3, infiniplex_forest_clump_double,
          infiniplex_forest_clump_curved, infiniplex_forest_end_1,
          minmay_close_crescents, uniq_terence

Notes
Turn   | Place    | Note
--------------------------------------------------------------
     0 | D:1      | Bloax, the Vine Stalker Gladiator, began the quest for the Orb.
     0 | D:1      | Reached XP level 1. HP: 11/11 MP: 1/1
   299 | D:2      | Reached skill level 3 in Short Blades
   316 | D:2      | Slain by a hobgoblin

Vanquished Creatures
  A giant cockroach (D:2)
  A hobgoblin (D:1)
  2 giant newts (D:1)
  A goblin (D:1)
  A kobold (D:1)
6 creatures vanquished.
